 Dungeon Crawl Stone Soup version 0.30-a0-313-gae38170b09 (webtiles) character file.

Game seed: 13920316331362203003

28 AarnesTheHuman the Chopper (level 2, -2/27 HPs)
             Began as a Minotaur Berserker on Oct 26, 2022.
             Was a Follower of Trog.
             Slain by a gnoll
             ... wielding a +0 halberd
              (8 damage)
             ... on level 2 of the Dungeon.
             The game lasted 00:00:53 (706 turns).

AarnesTheHuman the Chopper (Minotaur Berserker)      Turns: 706, Time: 00:00:53

Health: -2/27      AC:  2    Str: 21    XL:     2   Next: 96%
Magic:  1/1        EV: 12    Int:  4    God:    Trog [*.....]
Gold:   42         SH:  0    Dex:  9    Spells: 1/1 levels left

rFire   . . .      SeeInvis .    a - +0 hand axe
rCold   . . .      Faith    .    (no shield)
rNeg    . . .      Spirit   .    d - +0 animal skin
rPois   .          Reflect  .    (helmet restricted)
rElec   .          Harm     .    (no cloak)
rCorr   .          Rampage  .    (no gloves)
Will    +....                    (no boots)
Stlth   +.........               (no amulet)
HPRegen 0.24/turn                g - ring of willpower
MPRegen 0.07/turn                (no ring)

@: no status effects
A: horns 2, retaliatory headbutt
a: Renounce Religion, Berserk


You were on level 2 of the Dungeon.
You worshipped Trog.
Trog was aware of your devotion.
You visited 1 branch of the dungeon, and saw 2 of its levels.

You collected 42 gold pieces.

Inventory:

Hand Weapons
 a - a +0 hand axe (weapon)
 b - a +2 dagger of flaming
Armour
 d - a +0 animal skin (worn)
Jewellery
 g - a ring of willpower (left hand)
Scrolls
 c - a scroll of magic mapping {unknown}
 e - a scroll of summoning {unknown}
 f - 2 scrolls of identify {unknown}
 i - a scroll of poison {unknown}
Potions
 h - a potion of brilliance {unknown}


   Skills:
 + Level 4.1 Fighting
 + Level 4.1 Axes
 + Level 3.1 Armour
 - Level 2.1 Dodging


You had one spell level left.
You didn't know any spells.
Your spell library was empty.

Dungeon Overview and Level Annotations

Branches:
Dungeon (2/15)

Altars:


Innate Abilities, Weirdness & Mutations

You have a pair of horns on your head.
You reflexively headbutt those who attack you in melee.


Message History

The giant cockroach bites you but does no damage.
You closely miss the giant cockroach. The giant cockroach barely misses you.
The gnoll closely misses you.
You barely miss the gnoll. Your headbutt misses the gnoll.
You hit the giant cockroach.
The giant cockroach bites you but does no damage.
The gnoll hits you from afar with a +0 halberd!
The giant cockroach bites you.
You barely miss the giant cockroach.
Your headbutt misses the giant cockroach.
The giant cockroach is moderately wounded.
You hit the gnoll. The gnoll misses you.
The gnoll hits you from afar with a +0 halberd.
The gnoll hits you but does no damage. The giant cockroach bites you.
* * * LOW HITPOINT WARNING * * *
You are too injured to fight recklessly!
You are too injured to fight recklessly!
You are too injured to fight recklessly!
The gnoll closely misses you. x2; You furiously retaliate!
You headbutt the gnoll. The gnoll misses you.
You hit the gnoll.
The gnoll is moderately wounded.
You hit the gnoll. You hit the giant cockroach.
You kill the giant cockroach!
Trog accepts your kill.
You barely miss the gnoll. The gnoll closely misses you.
The gnoll hits you with a +0 spear.
* * * LOW HITPOINT WARNING * * *
The gnoll closely misses you.
You hit the gnoll. You headbutt the gnoll.
The gnoll is almost dead.
You hit the gnoll. You hit the gnoll but do no damage. The gnoll misses you.
You furiously retaliate!
You headbutt the gnoll.
You kill the gnoll!
Trog accepts your kill. The gnoll barely misses you. You furiously retaliate!
You headbutt the gnoll!
You kill the gnoll!
Trog accepts your kill. The gnoll hits you with a +0 halberd!
You die...

.#...................
...#.........###...#
...#†..†..##.......#
....#.#....##.##...#
##..#.#..###...#...#
#....#....###.#...#
##.....####....## ###
#.......
####..##.....
#......#
#...)@g......
#.......
###.†.)......
#.......
#....###..... ##.###
..... ... .... ####
... .


You could see a gnoll.

Vanquished Creatures
  2 gnolls (D:2)
  2 dart slugs (D:1)
  5 bats
  4 giant cockroaches (D:2)
  2 goblins (D:1)
  A hobgoblin (D:1)
  A quokka (D:1)
  A ball python (D:2)
  3 kobolds (D:1)
  2 rats (D:1)
23 creatures vanquished.

Notes
Turn   | Place    | Note
-------+----------+-------------------------------------------
     0 | D:1      | AarnesTheHuman the Minotaur Berserker began the quest for
                  | the Orb.
     0 | D:1      | Reached XP level 1. HP: 19/19 MP: 0/0
   289 | D:1      | Reached XP level 2. HP: 24/27 MP: 1/1
   308 | D:1      | Found a faded altar of an unknown god.
   706 | D:2      | Slain by a gnoll

Illustrated notes

Levels and vault maps discovered:
D:1:      lightli_arrival_lavapool, layout_loops_ring,
          hellmonk_ecumenical_altar_arch_garden, kennysheep_decorative_pillar
D:2:      layout_rooms, minmay_worlds_worst_comb

Skill      XL: |  1  2 |
---------------+-------+-----
Fighting       | 4 |  4.1
Axes           | 4 |  4.1
Armour         | 3 |  3.1
Dodging        | |  2.1

Action                   || total
-------------------------++-------
Melee: Hand axe          ||    46
       Headbutt          ||     6
Armor: Animal skin       ||    18
Dodge: Dodged            ||    46

Table legend: (Time is in decaauts)
 A = Elapsed time spent in this place.
 B = Non-inter-level travel time spent in this place.
 C = Inter-level travel time spent in this place.
 D = Time resting spent in this place.
 E = Time spent auto-exploring this place.
 F = Levels seen in this place.
 G = Mean time per level.
                   A        B        C        D        E       F      G
               +--------+--------+--------+--------+--------+-----+--------+
         Total |    710 |    693 |     17 |      0 |    551 |   2 |  355.0 |
       Dungeon |    710 |    693 |     17 |      0 |    551 |   2 |  355.0 |
               +--------+--------+--------+--------+--------+-----+--------+

Top non-repeatable levels by time:
     D:1: 640 daAuts
     D:2: 69 daAuts
